 Dungeon Crawl Stone Soup version 0.31-a0-210-gccc998df9b (webtiles) character file.

Game seed: 6147268403488338347

2692 Dittersdorf the Shield-Bearer (level 9, -4/59 HPs)
             Began as a Gargoyle Fighter on June 29, 2023.
             Was a Believer of Okawaru.
             Slain by a troll (7 damage)
             ... on level 6 of the Dungeon.
             The game lasted 00:06:53 (5227 turns).

Dittersdorf the Shield-Bearer (Gargoyle Fighter)    Turns: 5227, Time: 00:06:53

Health: -4/59      AC: 25    Str: 25    XL:     9   Next: 65%
Magic:  9/9        EV:  8    Int:  8    God:    Okawaru [**....]
Gold:   323        SH:  5    Dex:  9    Spells: 8/8 levels left

rFire   . . .        o - +2 flail (protect)
rCold   . . .        c - +0 buckler
rNeg    + + .        p - +0 chain mail {rN+}
rPois   ∞            (no helmet)
rElec   +            (no cloak)
rCorr   +            (no gloves)
SInv    .            f - +0 pair of boots
Will    .....        a - amulet of regeneration
Stlth   x              - ring of resist corrosion
HPRegen 1.09/turn    l - ring of flight
MPRegen 0.11/turn

%: no passive effects
@: under a protective aura, flying
A: sickness immunity, AC +6, negative energy resistance 1, electricity
resistance, torment resistance 1, petrification resistance
a: Renounce Religion, Heroism


You were on level 6 of the Dungeon.
You worshipped Okawaru.
Okawaru was pleased with you.
You visited 2 branches of the dungeon, and saw 7 of its levels.

You collected 323 gold pieces.

Inventory:

Hand Weapons
 o - a +2 flail of protection (weapon)
Missiles
 b - 3 poisoned darts
Armour
 c - a +0 buckler (worn)
 f - a +0 pair of boots (worn)
 p - a +0 chain mail of positive energy (worn)
Jewellery
 a - an amulet of regeneration (around neck)
 l - a ring of flight (right hand)
 x - a ring of resist corrosion (left hand)
Wands
 e - a wand of roots (15)
 v - a wand of flame (21)
Scrolls
 g - a scroll of immolation {unknown}
 h - 2 scrolls of teleportation
 q - 2 scrolls of blinking
 s - 2 scrolls of noise {unknown}
 u - a scroll of vulnerability {unknown}
 w - a scroll of fear
Potions
 d - a potion of might
 i - 2 potions of degeneration {unknown}
 j - a potion of heal wounds {unknown}
 k - a potion of invisibility {unknown}
 m - 2 potions of lignification {unknown}
 n - 3 potions of curing
 r - a potion of berserk rage
 t - a potion of ambrosia
 z - a potion of brilliance {unknown}


   Skills:
 + Level 7.8 Fighting
 + Level 6.7 Maces & Flails
 + Level 7.8 Armour
 + Level 7.8 Shields


You had 8 spell levels left.
You didn't know any spells.
Your spell library was empty.

Dungeon Overview and Level Annotations

Branches:
Dungeon (6/15)             Temple (1/1) D:6

Altars:
Ashenzari
Cheibriados
Dithmenos
Elyvilon
Fedhas
Gozag
Hepliaklqana
Makhleb
Nemelex Xobeh
Okawaru
Ru
Sif Muna
Trog
Uskayaw
Vehumet
Wu Jian
Xom
Yredelemnul
Zin

Shops:
D:2 =   D:4 *   D:6 (

Annotations:
D:3 2 runed translucent doors, ZoeForever1's ghost, amateur DrTm
D:5 1 runed translucent door, Palms's ghost, novice VSBr


Innate Abilities, Weirdness & Mutations

You are immune to sickness and miasma.
Your stone body is resilient. (AC +6)
You are immune to poison.
You resist negative energy. (rN+)
You are resistant to electric shocks. (rElec)
You are resistant to unholy torment.
You are immune to petrification.


Message History

The troll claws you but does no damage.
You barely miss the troll.
The troll is moderately wounded.
The troll bites you but does no damage. The troll claws you but does no damage.
The troll claws you. The troll bites you! The troll barely misses you.
The troll claws you but does no damage.
You barely miss the troll.
The troll is moderately wounded.
The troll bites you but does no damage. You block the troll's attack.
The troll claws you but does no damage.
You hit the troll but do no damage.
The troll is moderately wounded.
The troll completely misses you. The troll closely misses you.
The troll claws you but does no damage.
You sock the troll!
The troll is moderately wounded.
You block the troll's attack. The troll claws you but does no damage.
The troll claws you!
* * * LOW HITPOINT WARNING * * *
You hit the troll.
The troll is moderately wounded.
The troll bites you but does no damage. You block the troll's attack.
The troll barely misses you.
You sock the troll!
The troll is severely wounded.
The troll bites you but does no damage. The troll claws you but does no damage.
You block the troll's attack.
You barely miss the troll.
The troll is heavily wounded.
The troll bites you.
* * * LOW HITPOINT WARNING * * *
The troll claws you.
* * * LOW HITPOINT WARNING * * *
You block the troll's attack.
You hit the troll but do no damage.
The troll is heavily wounded.
The troll bites you!
* * * LOW HITPOINT WARNING * * *
The troll claws you!
You die...

####
''''#############...#≈~P.
....
.....O..........#..o#≈~..
~≈~~
....~~))~~~~≈~~)#####≈~..
≈≈≈≈
....o≈≈≈≈≈≈≈≈≈≈≈≈≈≈≈≈≈~..
~~~≈
....~≈)~≈~~≈~≈~~≈~~~~~~..
....
....TO......)............
....
..................#######
.... ##########o######.#
.... #..@TO# #.# ###.
#.##### #.# #. #.# #. #.#
#. #.# #. #' .. ...


You could see a troll, an orc warrior and an ogre.

Vanquished Creatures
  2 wargs (D:6)
  2 water moccasins
  An ice beast (D:6)
  A black bear (D:6)
  6 ogres
  2 phantoms
  2 scorpions
  2 gnoll sergeants (D:6)
  11 howler monkeys
  5 hounds
  A gnoll bouda (D:6)
  2 orc priests
  Terence (D:2)
  2 iguanas
  A sleepcap (D:5)
  6 orc wizards
  11 gnolls (D:6)
  6 adders
  2 white imps (D:6)
  A worm (D:2)
  4 dart slugs
  14 orcs
  6 ball pythons
  7 endoplasms
  2 giant cockroaches
  7 goblins
  7 hobgoblins
  4 jackals (D:2)
  5 quokkas
  4 bats
  5 frilled lizards
  6 kobolds
  3 rats
141 creatures vanquished.

Notes
Turn   | Place    | Note
-------+----------+-------------------------------------------
     0 | D:1      | Dittersdorf the Gargoyle Fighter began the quest for the
                  | Orb.
     0 | D:1      | Reached XP level 1. HP: 14/14 MP: 1/1
    23 | D:1      | Reached XP level 2. HP: 19/19 MP: 2/2
   513 | D:1      | Reached XP level 3. HP: 23/23 MP: 3/3
   698 | D:2      | Found Goniotwu's Jewellery Shoppe.
   865 | D:2      | Noticed Terence
   881 | D:2      | Killed Terence
   882 | D:2      | Reached XP level 4. HP: 15/29 MP: 4/4
   978 | D:2      | Found a faded altar of an unknown god.
  1771 | D:2      | Identified the +4 short sword of the Unspeakable One
                  | {chaos, rPois rN++ Will+ Dex-4}
  2044 | D:3      | Found a shimmering altar of Xom.
  2167 | D:3      | Found a large runed translucent door.
  2167 | D:3      | Found a large runed translucent door.
  2169 | D:3      | Noticed ZoeForever1's ghost (amateur DrTm)
  2237 | D:3      | Reached XP level 5. HP: 33/33 MP: 5/5
  2467 | D:3      | Found a shadowy altar of Dithmenos.
  3119 | D:4      | Found Voblaenu's General Store.
  3151 | D:4      | Noticed a phantom
  3181 | D:4      | Killed a phantom
  3182 | D:4      | Reached XP level 6. HP: 20/39 MP: 6/6
  3304 | D:4      | Found a hide-covered altar of Uskayaw.
  3630 | D:5      | Entered Level 5 of the Dungeon
  3764 | D:5      | Reached skill level 5 in Shields
  3784 | D:5      | Noticed Palms's ghost (novice VSBr)
  3792 | D:5      | Reached skill level 5 in Fighting
  3792 | D:5      | Reached skill level 5 in Armour
  3820 | D:5      | Noticed a water moccasin
  3831 | D:5      | Killed a water moccasin
  3832 | D:5      | Reached XP level 7. HP: 44/44 MP: 7/7
  3891 | D:5      | Found a runed translucent door.
  4085 | D:5      | Found a sparkling altar of Nemelex Xobeh.
  4182 | D:5      | Reached XP level 8. HP: 51/51 MP: 8/8
  4297 | D:6      | Found Jiucaut's Weapon Boutique.
  4324 | D:6      | Reached skill level 5 in Maces & Flails
  4429 | D:6      | Found a staircase to the Ecumenical Temple.
  4438 | Temple   | Entered the Ecumenical Temple
  4530 | Temple   | Became a worshipper of Warmaster Okawaru
  4899 | D:6      | Reached * piety under Okawaru
  4900 | D:6      | Reached XP level 9. HP: 56/56 MP: 9/9
  4900 | D:6      | Identified the +6 quarterstaff of the Orb {flame, Fly rF+
                  | Str+3 Int+3}
  5086 | D:6      | Reached ** piety under Okawaru
  5199 | D:6      | Noticed a troll
  5227 | D:6      | Slain by a troll

Illustrated notes

Levels and vault maps discovered:
D:1:      matt_arrival_debris, layout_loops_ring
D:2:      layout_basic, serial_shops, nicolae_square_shop,
          ebering_ecumenical_altar_mist, minmay_misc_feat_enclosed, st_stairs_4,
          uniq_terence
D:3:      layout_loops_corners, mainiacjoe_overflow_24_doors,
          grunt_dithmenos_smoke, ebering_ghost_disaster_area, nicolae_the_louvre
D:4:      layout_rooms, overflow_temple_1_default, serial_shops, shop
D:5:      layout_basic, mainiacjoe_overflow_catwalk,
          hellmonk_ghost_happy_afterlife, chequers_serial_rivers_small_3,
          minivault_23, chequers_serial_rivers_micro_b, corexii_hall_statues_i
D:6:      lemuel_castle_with_subvaults [lemuel_castle_interior_original],
          layout_basic, temple_fountains, kennysheep_flooded_box,
          nicolae_stop_n_shop_2
Temple:   nicolae_temple_superstar

Skill      XL: |  1  2  3  4  5  6  7  8  9 |
---------------+----------------------------+-----
Fighting       | 4 5 6 7 |  7.8
Shields        | 4 5 6 7 |  7.8
Armour         | 4 5 6 7 |  7.8
Maces & Flails | 3 4 5 6 |  6.7

Action                     |  1- 3 |  4- 6 |  7- 9 || total
---------------------------+-------+-------+-------++-------
  Melee: Flail             |   105 |   209 |   340 ||   654
    Use: Scroll            |       |    12 |       ||    12
 Armour: Scale mail        |    64 |       |       ||    64
         Ring mail         |       |    16 |       ||    16
         Chain mail        |       |    83 |   266 ||   349
  Dodge: Dodged            |    68 |    81 |   114 ||   263
  Block: Buckler           |    24 |    63 |    90 ||   177

Table legend: (Time is in decaauts)
 A = Elapsed time spent in this place.
 B = Non-inter-level travel time spent in this place.
 C = Inter-level travel time spent in this place.
 D = Time resting spent in this place.
 E = Time spent auto-exploring this place.
 F = Levels seen in this place.
 G = Mean time per level.
                   A        B        C        D        E       F      G
               +--------+--------+--------+--------+--------+-----+--------+
         Total |   5364 |   5105 |    259 |    163 |   3538 |   7 |  766.3 |
       Dungeon |   5255 |   5007 |    248 |    163 |   3464 |   6 |  875.8 |
        Temple |    109 |     98 |     11 |      0 |     74 |   1 |  109.0 |
               +--------+--------+--------+--------+--------+-----+--------+

Top non-repeatable levels by time:
     D:2: 1459 daAuts
     D:3: 1151 daAuts
     D:6: 857 daAuts
     D:5: 672 daAuts
     D:1: 614 daAuts
     D:4: 500 daAuts
  Temple: 109 daAuts
